 Dungeon Crawl Stone Soup version 0.26-b1-32-g5d43845318 (webtiles) character file.

Game seed: 15318147847157801978

60 Aviak the Insei (level 3, -1/26 HPs)
             Began as a Demonspawn Transmuter on Jan 12, 2021.
             Slain by a gnoll
             ... wielding a +0 spear
              (2 damage)
             ... on level 2 of the Dungeon.
             The game lasted 00:01:58 (1559 turns).

Aviak the Insei (Demonspawn Transmuter)             Turns: 1559, Time: 00:01:59

Health: -1/26      AC:  6    Str: 10    XL:     3   Next: 82%
Magic:  6/6        EV: 11    Int: 15    God:
Gold:   68         SH:  0    Dex: 13    Spells: 3/6 levels left

rFire    . . .     SeeInvis .     - Unarmed
rCold    . . .     Faith    .   (no shield)
rNeg     . . .     Spirit   .   c - +0 leather armour
rPois    .         Reflect  .   (no helmet)
rElec    .         Harm     .   f - scarf {shadows}
rCorr    .         Rampage  .   i - +0 pair of gloves
Will     .....                  (no boots)
Stlth    +.........             (no amulet)
HPRegen  0.08/turn              (no ring)
MPRegen  0.10/turn              (no ring)

@: lethally poisoned (-1 -> -14)
A: icy blue scales 1, demonic guardian 1
a: no special abilities


You were on level 2 of the Dungeon.
You visited 1 branch of the dungeon, and saw 2 of its levels.

You collected 68 gold pieces.

Inventory:

Armour
 a - a +0 robe
 c - a +0 leather armour (worn)
 f - a scarf of shadows (worn)
 i - a +0 pair of gloves (worn)
Scrolls
 b - a scroll of magic mapping {unknown}
 d - a scroll of identify {unknown}
 e - 3 scrolls of remove curse {unknown}
 g - a scroll of amnesia {unknown}
 h - a scroll of blinking {unknown}


   Skills:
 - Level 1.0 Fighting
 - Level 1.7 Dodging
 + Level 3.6 Unarmed Combat
 - Level 2.0 Spellcasting
 + Level 2.9 Transmutations


You had 3 spell levels left.
You knew the following spells:

 Your Spells              Type           Power        Failure   Level
a - Beastly Appendage     Tmut           10%          9%          1
b - Wereblood             Tmut           5%           14%         2

Your spell library contained the following spells:

 Spells                   Type           Power        Failure   Level
 Spider Form              Tmut/Pois      1%           45%         3
 Ice Form                 Ice/Tmut       2%           86%         4
 Blade Hands              Tmut           2%           94%         5


Dungeon Overview and Level Annotations

Branches:
Dungeon (2/15)

Altars:


Innate Abilities, Weirdness & Mutations

You are partially covered in icy blue scales. (AC +2)
A weak demonic guardian rushes to your aid.


Message History

Your ufetubus barely misses the gnoll. x3; The gnoll barely misses you.
You hit the gnoll.
The gnoll is moderately wounded.
* * * LOW HITPOINT WARNING * * *
You feel sick.
Your ufetubus barely misses the gnoll.
Your ufetubus hits the gnoll. You hit the gnoll.
The gnoll is heavily wounded.
* * * LOW HITPOINT WARNING * * *
You feel sick.
Your ufetubus hits the gnoll but does no damage.
Your ufetubus hits the gnoll. The gnoll misses you.
You hit the gnoll.
The gnoll is almost dead.
* * * LOW HITPOINT WARNING * * *
You feel sick.
Your ufetubus barely misses the gnoll.
Your ufetubus closely misses the gnoll.
The gnoll barely misses you. x2
Your ufetubus closely misses the gnoll.
Your ufetubus hits the gnoll.
The gnoll hits you from afar with a +0 spear.
You die...

###.####.# .....
......#.# ......
#..#.#.# #....####
#.#.#.# #.......#
#...#.#
#.......#####..#)#
#...........#..5g######
#.#
#...†..........gg....?.
#.#
###.....###.#.##@######
#.#
.###.#.#.#......5......
#.#
.###.#.#.#..#..#..#####
#.#
.#.......#..#.....#..
#.#
.#.#)#####..#..#..#.#
#.#
.#.#.....#..#.....#.# #
#.#
...#####.#.>#.#...#.##.#
#.# .#######.#
#......<...# #.# .#
##.##.#######..######
#.#


You could see 3 gnolls, a friendly quasit (summoned) and a friendly ufetubus
(summoned).

Vanquished Creatures
  A gnoll (D:1)
  A worm (D:2)
  A dart slug (D:1)
  A leopard gecko (D:2)
  A bat (D:1)
  3 giant cockroaches (D:1)
  6 goblins (D:1)
  8 hobgoblins
  4 kobolds (D:1)
  2 quokkas (D:2)
  A ball python (D:1)
  A frilled lizard (D:2)
  3 rats (D:1)
33 creatures vanquished.

Vanquished Creatures (collateral kills)
  A gnoll (D:2)
1 creature vanquished.

Grand Total: 34 creatures vanquished

Notes
Turn   | Place    | Note
-------+----------+-------------------------------------------
     0 | D:1      | Aviak the Demonspawn Transmuter began the quest for the
                  | Orb.
     0 | D:1      | Reached XP level 1. HP: 15/15 MP: 3/3
   120 | D:1      | Reached skill level 3 in Unarmed Combat
   120 | D:1      | Gained mutation: You are partially covered in icy blue
                  | scales. (AC +2) [demonic ancestry]
   120 | D:1      | Reached XP level 2. HP: 16/21 MP: 5/5
   436 | D:1      | Learned a level 2 spell: Wereblood
   651 | D:1      | Gained mutation: A weak demonic guardian rushes to your
                  | aid. [demonic ancestry]
   651 | D:1      | Reached XP level 3. HP: 24/26 MP: 4/6
  1559 | D:2      | HP: 1/26 [poisoned by a gnoll]
  1559 | D:2      | Slain by a gnoll

Illustrated notes

Levels and vault maps discovered:
D:1:      saegor_arrival_simple_c, layout_basic
D:2:      layout_basic, nrook_loot_triangle

Skill      XL: |  1 |
---------------+----+-----
Transmutations | 2 |  2.9
Unarmed Combat | 3 |  3.6
Fighting       | |  1.0
Dodging        | |  1.7
Spellcasting   | |  2.0

Action                   || total
-------------------------++-------
Melee: Unarmed           ||   125
       Kick              ||    15
       Punch             ||     1
       Headbutt          ||     6
 Cast: Beastly Appendage ||    14
  Use: Potion            ||     1
Armor: Leather armour    ||    33
Dodge: Dodged            ||    74
